 Dungeon Crawl Stone Soup version 0.31-a0-981-geadf994542 (webtiles) character file.

Game seed: 5155419958753482962

803 IdlyInterested the Slasher (level 7, -1/52 HPs)
             Began as a Demonspawn Fighter on Nov 1, 2023.
             Slain by an ufetubus (3 damage)
             ... summoned by Eustachio
             ... on level 5 of the Dungeon.
             The game lasted 00:11:25 (3856 turns).

IdlyInterested the Slasher (Demonspawn Fighter)     Turns: 3856, Time: 00:11:26

Health: -1/52      AC:  9    Str: 16    XL:     7   Next: 59%
Magic:  7/7        EV:  7    Int: 10    God:
Gold:   213        SH:  8    Dex: 14    Spells: 6/6 levels left

rFire   . . .        a - +0 long sword
rCold   . . .        c - +0 buckler
rNeg    . . .        p - +0 chain mail
rPois   .            (helmet unavailable)
rElec   .            (no cloak)
rCorr   .            (no gloves)
SInv    .            (no boots)
Will    +....        i - amulet of the acrobat Stlth
                     v - ring of willpower
HPRegen 0.28/turn    (no ring)
MPRegen 0.10/turn

%: acrobat
@: mighty
A: claws 1, horns 3, powered by pain 1, condensation shield
a: no special abilities


You were on level 5 of the Dungeon.
You visited 1 branch of the dungeon, and saw 7 of its levels.

You collected 213 gold pieces.

Inventory:

Hand Weapons
 a - a +0 long sword (weapon)
 t - a +0 rapier
Missiles
 e - 41 stones (quivered)
 s - 11 poisoned darts
Armour
 c - a +0 buckler (worn)
 p - a +0 chain mail (worn)
Magical Staves
 l - a staff of death
 r - a staff of air
Jewellery
 i - an amulet of the acrobat (around neck)
 v - a ring of willpower (left claw)
Talismans
 n - a maw talisman
Wands
 j - a wand of flame (23)
 m - a wand of paralysis (11)
Scrolls
 d - 2 scrolls of identify {unknown}
 f - a scroll of immolation
 g - a scroll of fear
 h - a scroll of poison {unknown}
 k - 2 scrolls of amnesia
 w - a scroll of blinking {unknown}
Potions
 b - a potion of haste {unknown}
 o - a potion of mutation {unknown}
 q - 2 potions of curing
 u - a potion of might


   Skills:
 + Level 3.5 Fighting
 - Level 5.5 Long Blades
 - Level 1.0 Throwing
 - Level 3.0 Armour
 - Level 1.0 Dodging
 - Level 1.0 Stealth
 - Level 2.6 Shields
 - Level 1.0 Unarmed Combat
 - Level 1.0 Evocations
 * Level 3.8 Shapeshifting


You had 6 spell levels left.
You didn't know any spells.
Your spell library contained the following spells:

 Spells                   Type           Power      Damage    Failure   Level
 Tukima's Dance           Hex            0%         N/A       100%        3
 Dimensional Bullseye     Hex/Tloc       0%         N/A       100%        4
 Iskenderun's Mystic Bla  Conj/Tloc      0%         2d3       100%        4


Dungeon Overview and Level Annotations

Branches:
Dungeon (7/15)
 Temple: D:4-7

Altars:
Nemelex Xobeh
Sif Muna

Shops:
D:2 [

Annotations:
D:5 Eustachio


Innate Abilities, Weirdness & Mutations

You have sharp fingernails.
You have a pair of large horns on your head.
You sometimes gain a little power by taking damage.
A meltable shield of frost defends you. (SH +4)


Message History

The crimson imp disappears in a puff of smoke!
Eustachio mumbles some strange words.
Eustachio blinks!
You closely miss the white imp.
The white imp disappears in a puff of smoke!
You barely miss the rat. Your headbutt misses the rat.
The rat barely misses you.
You closely miss the rat. You block the shadow imp's attack. The rat bites you.
* * * LOW HITPOINT WARNING * * *
You barely miss the rat. The shadow imp barely misses you.
You block the rat's attack.
You closely miss the rat. You headbutt the rat.
You kill the rat!
The rat's corpse disappears in a puff of smoke!
The shadow imp laughs crazily.
The shadow imp hits you.
* * * LOW HITPOINT WARNING * * *
Eustachio mumbles some strange words.
You slash the shadow imp!
You kill the shadow imp!
The shadow imp disappears in a puff of smoke!
The white imp gestures at you.
The puff of frost hits you but does no damage.
The river rat barely misses you.
You slash the river rat!
You kill the river rat!
The river rat's corpse disappears in a puff of smoke!
You barely miss the rat. You block the rat's attack.
Eustachio gestures wildly while chanting.
You slash the rat!
You kill the rat!
The rat's corpse disappears in a puff of smoke!
The ufetubus hits you.
* * * LOW HITPOINT WARNING * * *
The ufetubus closely misses you. The white imp gestures at you.
The puff of frost hits you.
* * * LOW HITPOINT WARNING * * *
The ufetubus slips past you! The ufetubus hits you.
You die...

#..................
#.#################
#.###############
#.##............#
#.##............#
##'##............#
#...#............#
#..5#@...........#
+..@55...........#
#...#............#
#...#............#
#...#............#
#...##......######
....##^...#...
##...##....#....
###########.....
#.....


You could see Eustachio, 2 white imps and an ufetubus (summoned).

Vanquished Creatures
  Sigmund (D:3)
  The ghost of AppTheSpectato the Magician, an amateur DjIE (D:3)
  A hornet zombie (D:3)
  A centaur (D:5)
  A hound (D:4)
  An orc priest (D:5)
  A bullfrog skeleton (D:3)
  Natasha (thrice) (D:2)
  An iguana (D:4)
  2 orc wizards (D:5)
  A mummy (D:3)
  2 adders
  A shadow imp (D:7)
  A worm (D:2)
  2 dart slugs (D:2)
  2 orcs (D:5)
  5 endoplasms
  A giant cockroach (D:1)
  7 goblins
  5 hobgoblins
  4 jackals
  4 kobolds
  5 ball pythons
  8 bats
  3 frilled lizards (D:1)
  3 rats
67 creatures vanquished.

Vanquished Creatures (others)
  A butterfly (D:7)
1 creature vanquished.

Grand Total: 68 creatures vanquished

Notes
Turn   | Place    | Note
-------+----------+-------------------------------------------
     0 | D:1      | IdlyInterested the Demonspawn Fighter began the quest for
                  | the Orb.
     0 | D:1      | Reached XP level 1. HP: 18/18 MP: 1/1
    65 | D:1      | Reached skill level 2 in Long Blades
   198 | D:1      | Discovered your monstrous ancestry.
   198 | D:1      | Gained mutation: You have a pair of small horns on your
                  | head. [demonic ancestry]
   198 | D:1      | Reached XP level 2. HP: 24/24 MP: 2/2
   426 | D:1      | Found a faded altar of an unknown god.
  1037 | D:2      | Noticed Natasha
  1054 | D:2      | Killed Natasha
  1055 | D:2      | Reached skill level 3 in Long Blades
  1055 | D:2      | Reached skill level 1 in Dodging
  1055 | D:2      | Gained mutation: You sometimes gain a little power by
                  | taking damage. [demonic ancestry]
  1055 | D:2      | Reached XP level 3. HP: 3/29 MP: 3/3
  1187 | D:2      | Noticed Natasha
  1195 | D:2      | Killed Natasha
  1196 | D:2      | Gained mutation: You have a pair of horns on your head.
                  | [demonic ancestry]
  1196 | D:2      | Reached XP level 4. HP: 14/35 MP: 4/4
  1371 | D:2      | Noticed Natasha
  1377 | D:2      | Killed Natasha
  1378 | D:2      | Reached skill level 4 in Long Blades
  1414 | D:2      | Found Xesy's Armour Shop.
  1909 | D:3      | Noticed AppTheSpectato's ghost (amateur DjIE)
  2032 | D:3      | Found a transporter.
  2039 | D:3      | Found a transporter.
  2052 | D:3      | Noticed Sigmund
  2064 | D:3      | Killed Sigmund
  2065 | D:3      | Reached skill level 5 in Long Blades
  2065 | D:3      | Reached skill level 1 in Stealth
  2065 | D:3      | Gained mutation: You have sharp fingernails. [demonic
                  | ancestry]
  2065 | D:3      | Reached XP level 5. HP: 34/41 MP: 5/5
  2065 | D:3      | Gained mutation: A meltable shield of frost defends you.
                  | (SH +4) [demonic ancestry]
  2065 | D:3      | Reached XP level 6. HP: 39/47 MP: 6/6
  2355 | D:3      | Killed AppTheSpectato's ghost
  2356 | D:3      | Reached skill level 1 in Unarmed Combat
  2356 | D:3      | Reached skill level 1 in Shapeshifting
  2362 | D:3      | Reached skill level 1 in Throwing
  2376 | D:3      | Reached skill level 1 in Evocations
  2376 | D:3      | Gained mutation: You have a pair of large horns on your
                  | head. [demonic ancestry]
  2376 | D:3      | Reached XP level 7. HP: 17/52 MP: 7/7
  2629 | D:4      | Found a sparkling altar of Nemelex Xobeh.
  2666 | D:4      | Found a shimmering blue altar of Sif Muna.
  2829 | D:4      | You fall into a shaft and drop 3 floors!
  2829 | D:6      | Identified the "Suddarovo"
  2867 | D:5      | Entered Level 5 of the Dungeon
  3816 | D:5      | Noticed Eustachio
  3856 | D:5      | HP: 2/52 [white imp/puff of frost[Eustachio] (2)]
  3856 | D:5      | Slain by an ufetubus

Illustrated notes

Levels and vault maps discovered:
D:1:      orjb1_lava_funnel, layout_basic, basic_ecumenical_altar,
          nicolae_figureground_sparkle
D:2:      layout_basic, serial_shops, nicolae_shop_waterfront, st_stairs_4,
          uniq_natasha
D:3:      layout_loops_cross, gammafunk_ghost_mausoleum, uniq_sigmund
D:4:      layout_loops_corners, mainiacjoe_overflow_paths, kennysheep_mini
D:5:      minmay_diamond_boxcup, layout_basic, kennysheep_mini_moat,
          uniq_blork_the_orc, uniq_eustachio
D:6:      layout_basic, minmay_temple_entry_glassed_door,
          nicolae_shop_sticking_my_neck_out
D:7:      layout_basic, nicolae_overflow_squiral, nicolae_uskayaw_dance_hall,
          nicolae_elyvilon_peaceful_grove

Skill      XL: |  1  2  3  4  5  6  7 |
---------------+----------------------+-----
Long Blades    | 2 3 5 |  5.5
Armour         | 3 |  3.0
Dodging        | 1 |  1.0
Stealth        | 1 |  1.0
Unarmed Combat | 1 |  1.0
Shapeshifting  | 2 3 |  3.8
Throwing       | 1 |  1.0
Evocations     | 1 |  1.0
Fighting       | |  3.5
Shields        | |  2.6

Action                     |  1- 3 |  4- 6 |  7- 9 || total
---------------------------+-------+-------+-------++-------
  Melee: Long sword        |   106 |    99 |    84 ||   289
         Headbutt          |    10 |    17 |    13 ||    40
         Unarmed           |       |     5 |       ||     5
  Evoke: Wand              |       |     1 |       ||     1
    Use: Potion            |     3 |     4 |     3 ||    10
         Scroll            |       |     1 |     3 ||     4
   Stab: Paralysed         |       |     5 |       ||     5
 Armour: Scale mail        |    95 |    20 |       ||   115
         Chain mail        |       |    62 |    80 ||   142
         Skin              |       |    11 |       ||    11
  Dodge: Dodged            |    54 |    43 |    48 ||   145
  Block: Buckler           |    20 |    38 |    52 ||   110

Table legend: (Time is in decaauts)
 A = Elapsed time spent in this place.
 B = Non-inter-level travel time spent in this place.
 C = Inter-level travel time spent in this place.
 D = Time resting spent in this place.
 E = Time spent auto-exploring this place.
 F = Levels seen in this place.
 G = Mean time per level.
                   A        B        C        D        E       F      G
               +--------+--------+--------+--------+--------+-----+--------+
         Total |   3947 |   3725 |    222 |    395 |   2487 |   7 |  563.9 |
       Dungeon |   3947 |   3725 |    222 |    395 |   2487 |   7 |  563.9 |
               +--------+--------+--------+--------+--------+-----+--------+

Top non-repeatable levels by time:
     D:1: 925 daAuts
     D:3: 920 daAuts
     D:4: 915 daAuts
     D:2: 823 daAuts
     D:5: 324 daAuts
     D:7: 27 daAuts
     D:6: 10 daAuts
